 Dungeon Crawl Stone Soup version 0.23.2-40-g277498a001 (webtiles) character file.

Game seed: 1857641577618300036

152 Martska the Ducker (level 5, -3/39 HPs)
             Began as a Merfolk Ice Elementalist on Oct 3, 2019.
             Slain by an orc
             ... wielding a +0 mace
              (5 damage)
             ... on level 3 of the Dungeon.
             The game lasted 00:09:03 (2611 turns).

Martska the Ducker (Merfolk Ice Elementalist)       Turns: 2611, Time: 00:09:03

Health: -3/39      AC:  3    Str:  8    XL:     5   Next: 34%
Magic:  5/8        EV: 14    Int: 14    God:
Gold:   46         SH:  2    Dex: 16    Spells: 3/9 levels left

rFire    . . .     SeeInvis .   e - +1 dagger
rCold    . . .     Gourm    .   (no shield)
rNeg     . . .     Faith    .   m - +0 leather armour
rPois    .         Spirit   .   (no helmet)
rElec    .         Reflect  +   (no cloak)
rCorr    .         Harm     .   (no gloves)
MR       .....                  (no boots)
Stlth    +.........             d - +2 amulet of reflection
HPRegen  0.13/turn              k - ring of attention (curse)
MPRegen  0.11/turn              (no ring)

@: no status effects
A: change form in water, swift swim, stealthy swim
a: no special abilities


You were on level 3 of the Dungeon.
You were not hungry.

You visited 1 branch of the dungeon, and saw 4 of its levels.

You collected 46 gold pieces.

Inventory:

Hand Weapons
 e - a +1 dagger (weapon)
Armour
 a - a +0 robe
 m - a +0 leather armour (worn)
Jewellery
 d - a +2 amulet of reflection (around neck)
 k - a cursed ring of attention (left hand)
Wands
 q - a wand of scattershot (6)
Scrolls
 b - 2 scrolls of teleportation {unknown}
 g - 6 scrolls of identify
 n - a scroll of remove curse {unknown}
 p - 2 scrolls of noise {unknown}
Potions
 f - a potion of lignification {unknown}
 h - 2 potions of agility {unknown}
 i - 2 potions of brilliance {unknown}
 j - a potion of flight
 l - a potion of cancellation {unknown}
 o - a potion of ambrosia {unknown}
Comestibles
 c - 3 rations


   Skills:
 * Level 2.7 Fighting
 * Level 4.3 Dodging
 + Level 3.2 Stealth
 + Level 2.5 Spellcasting
 - Level 0.7 Conjurations
 + Level 3.8 Ice Magic


You had 3 spell levels left.
You knew the following spells:

 Your Spells              Type           Power        Failure   Level  Hunger
a - Freeze                Ice            ##..         7%          1    #......
b - Throw Frost           Conj/Ice       #.....       21%         2    ###....
c - Ozocubu's Armour      Chrm/Ice       #.......     41%         3    ###....

Your spell library contained the following spells:

 Spells                   Type           Power        Failure   Level  Hunger
 Throw Icicle             Conj/Ice       #.......     78%         4    #####..
 Summon Ice Beast         Ice/Summ       #.......     83%         4    #####..


Dungeon Overview and Level Annotations

Branches:
Dungeon (4/15)
 Temple: D:4-7

Altars:
Dithmenos


Message History

The goblin shoots a stone.
The stone misses you.
You see here a stone.
The goblin shoots a stone.
The stone hits you but does no damage.
You see here a stone.
Your magical contamination has completely faded away.
The goblin shoots a stone.
The stone barely misses you.
You see here a stone.
An orc comes into view.
The orc shouts!
The orc throws a tomahawk.
The tomahawk misses you.
You see here a tomahawk.
The orc priest begins to cast a cantrip, but forgets the words!
The orc throws a tomahawk.
The tomahawk hits you.
* * * LOW HITPOINT WARNING * * *
There is a stone staircase leading down here.
You see here a tomahawk.
The orc throws a tomahawk.
The tomahawk hits you.
* * * LOW HITPOINT WARNING * * *
The orc hits you with a +0 mace.
You die...

.###.###.#
###(...!.#.##.##.##. .#
#.###.#####...o..#.#.##.##.##.
.#
#.#.........#g##.#.#..........
##
#.#.#.#####...........#.##.##.
#.....# #.#.##.#.#.##.##.##.
###.### #.#g##..............
#.# #..(.....#.#...#.### #.#
###o######.......# #.## #@#
#.......# #..# #.....#
#......## ##.## #.....#
#.....## #..# #.....# #....o#
##.# #.o...# #.....# #.#
#.....# #.....#
####.########### ##...##
#......<########## ##o##
#.##.##.##.......# #g#


You could see an orc priest, 2 orcs and 2 goblins.

Vanquished Creatures
  A big kobold (D:3)
  2 oozes
  A dart slug (D:1)
  7 leopard geckos
  An orc (D:2)
  4 giant cockroaches
  4 goblins
  9 hobgoblins
  6 kobolds
  4 quokkas
  9 bats
  4 frilled lizards
  7 rats
59 creatures vanquished.

Notes
Turn   | Place    | Note
-------+----------+-------------------------------------------
     0 | D:1      | Martska the Merfolk Ice Elementalist began the quest for
                  | the Orb.
     0 | D:1      | Reached XP level 1. HP: 13/13 MP: 3/3
    78 | D:1      | Reached skill level 3 in Dodging
    78 | D:1      | Reached XP level 2. HP: 11/20 MP: 0/5
   253 | D:1      | Reached skill level 1 in Fighting
   481 | D:1      | Reached XP level 3. HP: 9/26 MP: 0/6
  1385 | D:2      | Reached XP level 4. HP: 33/33 MP: 3/7
  1439 | D:2      | Learned a level 2 spell: Throw Frost
  1443 | D:2      | Learned a level 3 spell: Ozocubu's Armour
  1557 | D:2      | Found a faded altar of an unknown god.
  1566 | D:2      | You fall through a shaft for 2 floors!
  1585 | D:4      | Noticed a phantom
  1585 | D:4      | Found a shadowy altar of Dithmenos.
  2339 | D:3      | Noticed a big kobold
  2353 | D:3      | Killed a big kobold
  2353 | D:3      | Reached skill level 4 in Dodging
  2353 | D:3      | Reached XP level 5. HP: 30/39 MP: 1/8
  2611 | D:3      | Slain by an orc

Skill      XL: |  1  2  3  4 |
---------------+-------------+-----
Dodging        | 3 4 |  4.3
Fighting       | 1 2 |  2.7
Stealth        | 3 |  3.2
Spellcasting   | |  2.5
Conjurations   | |  0.7
Ice Magic      | |  3.8

Action                   |  1- 3 |  4- 6 || total
-------------------------+-------+-------++-------
Melee: Unarmed           |     3 |       ||     3
       Dagger            |    51 |    27 ||    78
 Cast: Freeze            |    54 |    42 ||    96
  Use: Scroll            |     3 |       ||     3
 Stab: Sleeping          |     3 |       ||     3
  Eat: Chunk             |     3 |     1 ||     4
       Ration            |       |     1 ||     1
Armor: Robe              |    16 |       ||    16
       Leather armour    |     6 |    14 ||    20
Dodge: Dodged            |    74 |    56 ||   130
Block: Other             |     7 |     4 ||    11
       Reflection        |     1 |       ||     1
